 Dungeon Crawl Stone Soup version 0.29.1-1-gd02db6906a (webtiles) character file.

Game seed: 18214734294846935558

44 funnyparkerb the Sneak (level 3, 0/19 HPs)
             Began as a Vine Stalker Brigand on Sept 30, 2022.
             Succumbed to a kobold's poison
             ... on level 2 of the Dungeon.
             The game lasted 00:02:24 (1607 turns).

funnyparkerb the Sneak (Vine Stalker Brigand)       Turns: 1607, Time: 00:02:25

Health: 0/19       AC:  6    Str: 13    XL:     3   Next: 60%
Magic:  3/4        EV: 10    Int: 11    God:
Gold:   58         SH:  0    Dex: 17    Spells: 2/2 levels left

rFire   . . .      SeeInvis .   a - +2 dagger
rCold   . . .      Faith    .   (no shield)
rNeg    . . .      Spirit   +   l - +0 ring mail
rPois   .          Reflect  .   (no helmet)
rElec   .          Harm     .   c - +0 cloak
rCorr   .          Rampage  .   (no gloves)
Will    .....                   (no boots)
Stlth   ++........              (no amulet)
HPRegen 0.06/turn               (no ring)
MPRegen 0.09/turn               (no ring)

@: brilliant, lethally poisoned (0 -> -4)
A: fangs 2, magic shield, antimagic bite, no potion heal 2
a: no special abilities


You were on level 2 of the Dungeon.
You visited 1 branch of the dungeon, and saw 2 of its levels.

You collected 58 gold pieces.

Inventory:

Hand Weapons
 a - a +2 dagger (weapon)
Missiles
 d - 9 poisoned darts (quivered)
 e - 3 curare-tipped darts
Armour
 c - a +0 cloak (worn)
 h - a +0 chain mail
 l - a +0 ring mail (worn)
Scrolls
 b - 2 scrolls of identify {unknown}
 f - a scroll of immolation {unknown}
 i - a scroll of teleportation {unknown}
 k - a scroll of vulnerability {unknown}


   Skills:
 + Level 2.7 Fighting
 + Level 2.7 Short Blades
 - Level 1.7 Throwing
 - Level 0.7 Dodging
 - Level 4.8 Stealth


You had 2 spell levels left.
You didn't know any spells.
Your spell library contained the following spells:

 Spells                   Type           Power      Damage    Failure   Level
 Shock                    Conj/Air       0%         1d3       61%         1
 Ignite Poison            Fire/Tmut/Pois 0%         N/A       93%         3
 Mephitic Cloud           Conj/Pois/Air  0%         N/A       93%         3
 Freezing Cloud           Conj/Ice/Air   0%         6-21      100%        5


Dungeon Overview and Level Annotations

Branches:
Dungeon (2/15)

Altars:

Shops:
D:1 *(


Innate Abilities, Weirdness & Mutations

You have extremely sharp teeth.
When hurt, damage is shared between your health and your magic reserves.
Your bite disrupts and absorbs the magic of your enemies.
Potions cannot restore your health.


Message History

You barely miss the endoplasm.
The endoplasm is moderately wounded.
The endoplasm closely misses you. The bat barely misses you.
You hit the endoplasm.
You kill the endoplasm!
The bat barely misses you.
You closely miss the kobold. The bat hits you.
The kobold hits you but does no damage.
You are poisoned.
You miss the bat.
You feel very sick.
The bat hits you but does no damage. x2; The kobold barely misses you.
You hit the bat.
The bat is severely wounded.
You feel sick. The bat hits you but does no damage.
The kobold barely misses you.
You hit the kobold but do no damage. Your bite misses the kobold.
You feel sick. The bat closely misses you. The kobold closely misses you.
The kobold attacks as you move away! The kobold hits you but does no damage.
You feel sick. The bat barely misses you. The bat attacks as you move away!
The bat closely misses you.
You feel sick. The bat closely misses you.
You feel sick. The bat barely misses you.
The kobold hits you with a +0 short sword of venom.
You are lethally poisoned!
You hit the kobold.
You kill the kobold!
* * * LOW HITPOINT WARNING * * *
You feel sick. The bat barely misses you.
* * * LOW HITPOINT WARNING * * *
You feel sick. The bat closely misses you. The bat hits you.
* * * LOW HITPOINT WARNING * * *
You feel sick. The bat barely misses you.
You miss the bat. Your bite misses the bat.
The bat is severely wounded.
* * * LOW HITPOINT WARNING * * *
You feel sick. The bat closely misses you.
It was a potion of brilliance.
You feel clever all of a sudden.
You die...

#.... #.# #....# #.#
##..... #.###
....>.. ....
.......#####.######
.......#..........#
.......)b....#
..$.####.##..# .
#@##..# #.##..#
#.##..# #.##.[###+#
#.#..#....#.########
#.#..#......#.......
#..........>..######
#.
#.....###.#.#.#####
#.#
#.....+.....<.....#


You could see a bat.

Vanquished Creatures
  An adder (D:2)
  2 ball pythons
  5 endoplasms
  A giant cockroach (D:2)
  2 hobgoblins
  5 jackals
  3 quokkas
  2 bats
  2 frilled lizards (D:2)
  2 goblins
  4 kobolds
  3 rats (D:1)
32 creatures vanquished.

Notes
Turn   | Place    | Note
-------+----------+-------------------------------------------
     0 | D:1      | funnyparkerb the Vine Stalker Brigand began the quest for
                  | the Orb.
     0 | D:1      | Reached XP level 1. HP: 11/11 MP: 2/2
    63 | D:1      | Found a faded altar of an unknown god.
    91 | D:1      | Reached XP level 2. HP: 5/15 MP: 1/3
   345 | D:1      | Got Plato's Catalogue of Weather
   487 | D:1      | Found Finuapp's General Store.
   783 | D:1      | Found Xaxtea's Weapon Emporium.
  1303 | D:2      | Reached XP level 3. HP: 19/19 MP: 4/4
  1607 | D:2      | Succumbed to a kobold's poison

Illustrated notes

Levels and vault maps discovered:
D:1:      scummos_arrival_forest, layout_loops_ring,
          shapermc_ecumenical_altar_rom_forum, serial_shops,
          nicolae_shop_hallway_stairs, nicolae_shop_bloodbath_and_beyond
D:2:      layout_basic, serial_shops, shop

Skill      XL: |  1 |
---------------+----+-----
Fighting       | 2 |  2.7
Short Blades   | 2 |  2.7
Throwing       | |  1.7
Dodging        | |  0.7
Stealth        | |  4.8

Action                   || total
-------------------------++-------
Melee: Dagger            ||    77
       Bite              ||    13
  Use: Potion            ||     1
 Stab: Sleeping          ||     8
Armor: Leather armour    ||    18
       Ring mail         ||     5
Dodge: Dodged            ||    51
